Map: Deathaura LE

Players

A.I. 1 (Elite)

  • Race: Protoss Protoss
  • Spawn Location: 11:00

Furis - Winner!

  • Race: Terran Terran
  • Spawn Location: 5:00

VOD

Have the link to the VOD?

Description

Time

  • Played on: March 23, 2021, 4:43 p.m.
  • Length: 6:28
Show
View Real Time Build Order
Export as new Build Order

A.I. 1 (Elite) Protoss 

Build Orders: 1 Gate Expand 

Get SALT Encoding   

  12  0:00  Probe  
  13  0:13  Probe  
  14  0:20  Pylon  
  14  0:25  Probe  
  15  0:34  Probe  
  15  0:42  Probe  
  17  0:50  Gateway  
  17  0:52  Probe  
  18  1:00  Probe  
  19  1:15  Nexus, Probe  
  20  1:27  Probe  
  21  1:36  Pylon  
  21  1:38  Zealot  
  23  1:47  Cybernetics Core  
  23  1:48  Assimilator  
  23  1:54  Probe  
  24  2:02  Probe  
  25  2:11  Probe  
  26  2:19  Probe  
  26  2:23  Pylon, Warp Gate  
  26  2:27  Probe x2  
  28  2:36  Gateway  
  29  2:38  Probe  
  29  2:40  Assimilator  
  30  2:52  Pylon  
  30  2:53  Probe  
  30  2:54  Stalker  
  30  2:56  Probe  
  34  3:05  Probe  
  35  3:08  Probe  
  36  3:16  Adept  
  36  3:18  Probe  
  37  3:20  Probe  
  37  3:23  Adept  
  42  3:30  Robotics Facility  
  42  3:31  Probe  
  42  3:33  Probe  
  44  3:43  Probe  
  44  3:44  Adept  
  44  3:45  Probe  
  48  3:53  Adept  
  48  3:55  Probe  
  51  3:57  Probe  
  51  4:00  Pylon  
  52  4:07  Probe x2  
  54  4:13  Gateway  
  54  4:19  Probe  
  54  4:20  Robotics Bay  
  54  4:21  Adept  
  57  4:25  Pylon  
  57  4:29  Observer, Probe  
  58  4:31  Adept  
  58  4:33  Pylon, Probe  
  62  4:51  Robotics Facility  
  62  4:58  Stalker  
  60  5:00  Pylon  
  60  5:03  Adept  
  54  5:07  Adept  
  52  5:17  Probe  
  52  5:18  Probe  
  52  5:21  Adept  
  43  5:23  Zealot  
  38  5:29  Probe  
  38  5:30  Probe  
  38  5:31  Zealot  
  35  5:40  Zealot  
  35  5:41  Probe  
  35  5:42  Probe  
  35  5:43  Zealot  
  35  5:48  Adept  
  32  5:53  Probe  
  32  5:54  Probe  
  26  6:05  Probe  
  26  6:06  Probe  
  22  6:15  Probe  
Show
View Real Time Build Order
Export as new Build Order

Furis Terran - Winner!

Build Orders:  

Get SALT Encoding   

  12  0:00  SCV  
  13  0:12  SCV  
  14  0:17  Supply Depot  
  14  0:24  SCV  
  15  0:38  SCV  
  15  0:39  Barracks  
  16  0:50  Barracks  
  16  0:53  SCV  
  17  1:01  Supply Depot  
  17  1:07  SCV  
  18  1:19  SCV  
  19  1:27  Marine  
  19  1:32  Orbital Command  
  20  1:37  Marine  
  21  1:44  Marine  
  22  1:55  Marine  
  22  1:58  SCV  
  24  2:04  Command Center  
  24  2:12  SCV  
  24  2:13  Marine x2  
  27  2:17  Supply Depot  
  27  2:21  Refinery  
  27  2:24  SCV  
  27  2:28  Refinery  
  28  2:31  Marine  
  28  2:33  Marine  
  30  2:41  SCV  
  31  2:48  Marine  
  31  2:50  Marine  
  33  2:53  SCV  
  33  2:57  Supply Depot  
  34  3:08  Barracks Tech Lab  
  34  3:09  Barracks Tech Lab  
  34  3:14  SCV  
  34  3:15  Barracks  
  34  3:17  Orbital Command  
  35  3:27  Stimpack  
  35  3:30  Marauder  
  35  3:32  Marauder  
  39  3:36  Concussive Shells  
  39  3:38  SCV  
  40  3:42  SCV  
  41  3:50  SCV  
  41  3:51  Marauder  
  41  3:54  Marauder, SCV  
  47  4:02  Marine, SCV  
  48  4:07  SCV  
  50  4:12  Marauder  
  50  4:15  Marauder, SCV  
  55  4:19  Supply Depot, SCV  
  55  4:20  Marine  
  57  4:34  Marauder  
  57  4:36  SCV x2  
  57  4:38  Marine  
  62  4:39  Supply Depot  
  62  4:41  Marauder  
  62  4:43  Supply Depot  
  64  4:48  SCV x2  
  66  4:53  Command Center  
  66  4:56  Marine  
  64  5:00  SCV  
  58  5:24  Marine, Marauder x2  
  58  5:25  SCV x2  
  58  5:37  SCV  
  58  5:41  Marine  
  58  5:45  Marine x2  
  60  5:59  Marine  
  60  6:03  Marauder x2  
  65  6:08  SCV x2  
  67  6:17  Factory  
  68  6:19  Barracks  
  68  6:21  Engineering Bay, Barracks  
  68  6:23  Engineering Bay  
Tags
 
Add a new tag
Caveats
  • Supply blocks, unpowered buildings, or Contaminate may cause inaccurate times.
  • Supply counts are checked every 10 seconds.